 Dungeon Crawl Stone Soup version 0.30-a0-553-g7fabdf1491 (webtiles) character file.

Game seed: 17885504238257415777

53 oldriver the Sneak (level 3, 0/33 HPs)
             Began as a Naga Artificer on Dec 27, 2022.
             Slain by an orc wizard
             ... wielding a +0 dagger
              (2 damage)
             ... on level 3 of the Dungeon.
             The game lasted 00:02:17 (1688 turns).

oldriver the Sneak (Naga Artificer)                 Turns: 1688, Time: 00:02:18

Health: 0/33       AC:  3    Str: 14    XL:     3   Next: 89%
Magic:  3/3        EV:  9    Int: 11    God:
Gold:   103        SH:  5    Dex: 13    Spells: 2/2 levels left

rFire   . . .      SeeInvis +    t - +0 falchion
rCold   . . .      Faith    .    (no shield)
rNeg    . . .      Spirit   .    b - +0 leather armour
rPois   +          Reflect  +    (no helmet)
rElec   .          Harm     .    (no cloak)
rCorr   .          Rampage  .    l - +0 pair of gloves
Will    .....                    (no barding)
Stlth   ++                       j - amulet of reflection
HPRegen 0.25/turn                (no ring)
MPRegen 0.08/turn                (no ring)

@: flying, very slow
A: AC +1, large, see invisible, deformed body, poison resistance, slowness 2,
spit poison 1, naga tail 1
a: Spit Poison


You were on level 3 of the Dungeon.
You visited 1 branch of the dungeon, and saw 3 of its levels.

You collected 103 gold pieces.

Inventory:

Hand Weapons
 a - a +0 club
 t - a +0 falchion (weapon)
Armour
 b - a +0 leather armour (worn)
 l - a +0 pair of gloves (worn)
Jewellery
 j - an amulet of reflection (around neck)
Wands
 c - a wand of flame (11)
 d - a wand of charming (15)
 e - a wand of iceblast (5)
Scrolls
 f - 2 scrolls of identify {unknown}
 h - a scroll of teleportation {unknown}
 i - a scroll of vulnerability {unknown}
 m - a scroll of enchant weapon {unknown}
 q - a scroll of blinking {unknown}
 s - a scroll of fear {unknown}
Potions
 g - a potion of mutation
 k - a potion of flight
 n - 2 potions of curing {unknown}
 o - a potion of ambrosia {unknown}
 p - 2 potions of lignification {unknown}
 r - 2 potions of heal wounds {unknown}


   Skills:
 + Level 2.5 Fighting
 * Level 0.4 Long Blades
 - Level 1.5 Armour
 - Level 0.7 Dodging
 + Level 4.0 Stealth
 - Level 3.0 Evocations


You had 2 spell levels left.
You didn't know any spells.
Your spell library contained the following spells:

 Spells                   Type           Power      Damage    Failure   Level
 Tukima's Dance           Hex            0%         N/A       78%         3
 Passage of Golubria      Tloc           0%         N/A       99%         4
 Yara's Violent Unravell  Hex/Tmut       0%         3d3       100%        5


Dungeon Overview and Level Annotations

Branches:
Dungeon (3/15)

Altars:


Innate Abilities, Weirdness & Mutations

Your serpentine skin is tough. (AC +1)
You have supernaturally acute eyesight. (SInv)
Armour fits poorly on your strangely shaped body.
Your system is resistant to poisons. (rPois)
You cover ground very slowly.
You can spit poison.
You have a snake-like lower body.


Message History

You hit the orc wizard.
The orc wizard is almost dead.
The orc wizard casts a spell at you. The puff of flame misses you.
The orc wizard casts a spell at you.
You are confused.
You bump into the rock wall.
The orc wizard hits you with a +0 dagger.
You miss the orc wizard.
The orc wizard is almost dead.
The orc wizard hits you with a +0 dagger.
You closely miss the orc wizard.
The orc wizard is almost dead.
You have got your breath back.
The orc wizard hits you with a +0 dagger.
* * * LOW HITPOINT WARNING * * *
You are too confused!
Unknown command.
You hit the orc wizard but do no damage.
The orc wizard is almost dead.
The orc wizard hits you with a +0 dagger.
* * * LOW HITPOINT WARNING * * *
The orc wizard points at you and mumbles some strange words.
You resist with some effort.
You're too confused to move!
The orc wizard hits you with a +0 dagger.
* * * LOW HITPOINT WARNING * * *
You are too confused!
Unknown command.
It was a potion of mutation.
You feel extremely strange.
You feel frail.
You feel robust.
You feel less confused.
The orc wizard gestures at you while chanting.
The puff of flame hits you.
* * * LOW HITPOINT WARNING * * *
It was a potion of flight.
You feel very buoyant.
You fly up into the air.
The orc wizard hits you with a +0 dagger.
You die...

.......#..# .#.#.#.#..#
..........# .#.#.#..#.#
.......##.#
.#.#.#.##.########## ##.
.......##.#........#....
.#.#.#...)..######.#.#
............#.oo@..#
#######.......######
##.....o.....#
#.####.####.<.
#..#.....# #.##.....# ##
##....# .J.... ####...#


You could see an orc wizard and an orc.

Vanquished Creatures
  An adder (D:2)
  A worm (D:3)
  A dart slug (D:2)
  6 orcs
  2 bats (D:1)
  A giant cockroach (D:2)
  3 goblins
  A hobgoblin (D:2)
  3 jackals (D:2)
  4 ball pythons
  A frilled lizard (D:1)
  2 kobolds
  7 rats
33 creatures vanquished.

Notes
Turn   | Place    | Note
-------+----------+-------------------------------------------
     0 | D:1      | oldriver the Naga Artificer began the quest for the Orb.
     0 | D:1      | Reached XP level 1. HP: 18/18 MP: 1/1
    97 | D:1      | Reached skill level 2 in Stealth
   232 | D:1      | Reached XP level 2. HP: 25/25 MP: 2/2
   657 | D:2      | Reached skill level 3 in Stealth
   834 | D:2      | Reached XP level 3. HP: 13/32 MP: 3/3
  1548 | D:3      | Reached skill level 4 in Stealth
  1687 | D:3      | Gained mutation: You are frail. (-10% HP) [potion of
                  | mutation]
  1687 | D:3      | Lost mutation: You are frail. (-10% HP) [potion of
                  | mutation]
  1688 | D:3      | Slain by an orc wizard

Illustrated notes

Levels and vault maps discovered:
D:1:      wheals_arrival_shading, layout_rooms, minmay_misc_feat_tiny,
          hangedman_decor_slide_cut
D:2:      layout_basic, roderic_roman_lattice, feat_on_display
D:3:      layout_rooms, serial_co_window_serial, co_window_of_opportunity_a,
          co_window_paths_b, co_window_paths_a, co_window_of_opportunity_a,
          co_window_paths_a, co_window_corner_a, co_window_of_opportunity_a,
          co_window_broadway_c, co_window_corner_b, co_window_broadway_a,
          co_window_corner_b, co_window_2corner, co_window_cross_2,
          co_window_4corner_b, glass_columns_a, glass_columns_c, glass_columns_c

Skill      XL: |  1  2  3 |
---------------+----------+-----
Stealth        | 2 3 4 |  4.0
Fighting       | 2 |  2.5
Long Blades    | |  0.4
Armour         | |  1.5
Dodging        | |  0.7
Evocations     | |  3.0

Action                   || total
-------------------------++-------
Melee: Club              ||    41
       Falchion          ||    29
       Punch             ||     1
 Abil: Spit Poison       ||    37
Evoke: Wand              ||     4
  Use: Potion            ||     2
Armor: Leather armour    ||    20
Dodge: Dodged            ||    48
Block: Other             ||    24

Table legend: (Time is in decaauts)
 A = Elapsed time spent in this place.
 B = Non-inter-level travel time spent in this place.
 C = Inter-level travel time spent in this place.
 D = Time resting spent in this place.
 E = Time spent auto-exploring this place.
 F = Levels seen in this place.
 G = Mean time per level.
                   A        B        C        D        E       F      G
               +--------+--------+--------+--------+--------+-----+--------+
         Total |   2138 |   2113 |     25 |    414 |   1238 |   3 |  712.7 |
       Dungeon |   2138 |   2113 |     25 |    414 |   1238 |   3 |  712.7 |
               +--------+--------+--------+--------+--------+-----+--------+

Top non-repeatable levels by time:
     D:2: 1159 daAuts
     D:1: 596 daAuts
     D:3: 382 daAuts
